 Dungeon Sprint DCSS version 0.32-a0-666-ge8a88695a4 (webtiles) character file.

Game seed: 17612347124670046820

2886 adelrune the Basher (level 10, -4/85 HPs)
             Began as a Formicid Fighter on Mar 9, 2024.
             Was a Priest of Cheibriados.
             Killed from afar by a tengu conjurer (13 damage)
             ... with a lance of force
             ... in the Dungeon (Sprint IX: "|||||||||||||||||||||||||||||").
             The game lasted 00:02:08 (279 turns).

adelrune the Basher (Formicid Fighter)               Turns: 279, Time: 00:02:08

Health: -4/85      AC: 24    Str: 33    XL:     10   Next: 5%
Magic:  13/16      EV: 17    Int: 16    God:    Cheibriados [***...]
Gold:   0          SH:  8    Dex: 21    Spells: 9/9 levels left

rFire   . . .        j - +2 dire flail (protect)
rCold   . . .        c - +0 buckler
rNeg    . . .        m - +0 plate armour
rPois   .            (helmet unavailable)
rElec   .            k - +0 cloak
rCorr   .            (no gloves)
SInv    +            l - +0 pair of boots
Will    +....        (no amulet) Stlth
                     n - +2 ring of evasion
HPRegen 0.34/turn    o - +2 ring of evasion
MPRegen 0.15/turn

%: no passive effects
@: under a protective aura, very slow
A: permanent stasis, dig shafts and tunnels, antennae 3, four strong arms
a: Dig, Renounce Religion, Bend Time, Temporal Distortion


You were in the Dungeon.
You worshipped Cheibriados.
Cheibriados was most pleased with you.
You visited 1 branch

Inventory:

Hand Weapons
 a - a +0 flail
 j - a +2 dire flail of protection (weapon)
Armour
 b - a +0 scale mail
 c - a +0 buckler (worn)
 k - a +0 cloak (worn)
 l - a +0 pair of boots (worn)
 m - a +0 plate armour (worn)
Jewellery
 n - a +2 ring of evasion (left hand)
 o - a +2 ring of evasion (right hand)
Wands
 i - a wand of iceblast (10)
Scrolls
 h - 2 scrolls of amnesia
Potions
 f - 4 potions of curing
 g - 4 potions of magic


   Skills:
 + Level 10.2 Fighting
 * Level 12.3 Maces & Flails
 + Level 10.2 Armour
 + Level 7.7 Dodging
 + Level 11.8 Shields
 + Level 8.3 Invocations


You had 9 spell levels left.
You didn't know any spells.
Your spell library was empty.

Dungeon Overview and Level Annotations

Branches:
Dungeon (1/1)

Altars:
Cheibriados
Dithmenos
Elyvilon
Fedhas
Gozag
Hepliaklqana
Kikubaaqudgha
Makhleb
Nemelex Xobeh
Okawaru
Qazlal
Ru
Sif Muna
Trog
Uskayaw
Vehumet
Wu Jian
Xom
Yredelemnul
Zin
The Shining One
Beogh
Jiyva
Lugonu


Innate Abilities, Weirdness & Mutations

You cannot be hasted, slowed, berserked, paralysed or teleported.
You can dig through walls and to a lower floor.
You have a pair of large antennae on your head. (SInv)
Your four strong arms can wield two-handed weapons with a shield.


Message History

You hit the tengu conjurer.
The tengu conjurer is lightly wounded.
The tengu conjurer closely misses you. You block the tengu conjurer's attack.
The tengu conjurer closely misses you. The tengu conjurer blocks your attack.
The tengu conjurer is lightly wounded.
You sock the tengu conjurer!
The tengu conjurer is heavily wounded.
The tengu conjurer points at you and mumbles some strange words.
The bolt of lightning hits you!!
* * * LOW HITPOINT WARNING * * *
Okay, then.
You closely miss the tengu conjurer.
The tengu conjurer is heavily wounded.
You completely miss the tengu conjurer.
The tengu conjurer is heavily wounded.
You block the tengu conjurer's attack. The tengu conjurer pecks you.
* * * LOW HITPOINT WARNING * * *
The tengu conjurer barely misses you.
You sock the tengu conjurer!
The tengu conjurer is almost dead.
You closely miss the tengu conjurer.
The tengu conjurer is almost dead.
You block the tengu conjurer's attack. x2; The tengu conjurer misses you.
You completely miss the tengu conjurer.
The tengu conjurer is almost dead.
You barely miss the tengu conjurer.
The tengu conjurer is almost dead.
The tengu conjurer barely misses you.
The tengu conjurer pecks you but does no damage.
You block the tengu conjurer's attack. The tengu conjurer blocks your attack.
The tengu conjurer is almost dead.
You barely miss the tengu conjurer.
The tengu conjurer is almost dead.
You are no longer corroded.
The tengu conjurer casts a spell at you.
The lance of force hits you!
You die...
Cheibriados appreciates the motionlessness of death.

▓)▓
▓)▓
▓[▓
▓)▓
▓.▓
▓.▓
▓.▓
▓†▓
▓@▓
▓Q▓
▓y▓
▓*▓
▓.▓
▓.▓
▓+▓


You could see a tengu conjurer (slow), a vampire mosquito and a battlesphere.

Vanquished Creatures
  A hydra (D)
  A centaur warrior (D)
  An ugly thing (D)
  A hornet (D)
  A yak (D)
  2 acid dragons (D)
  An ogre (D)
  A scorpion (D)
  A bombardier beetle (D)
  2 jellies (D)
  An orc wizard (D)
  A dart slug (D)
  2 ball pythons (D)
  An endoplasm (D)
  A kobold (D)
18 creatures vanquished.

Vanquished Creatures (others)
  A two-headed ogre (D)
  An orc wizard (D)
2 creatures vanquished.

Grand Total: 20 creatures vanquished

Notes
Turn   | Place    | Note
-------+----------+-------------------------------------------
     0 | D        | adelrune the Formicid Fighter began the quest for the Orb.
     0 | D        | Reached XP level 1. HP: 18/18 MP: 1/1
    19 | D        | Reached skill level 1 in Dodging
    19 | D        | Reached XP level 2. HP: 25/25 MP: 2/2
    20 | D        | Reached skill level 3 in Maces & Flails
    25 | D        | Noticed a scorpion
    25 | D        | Noticed a bombardier beetle
    25 | D        | Noticed an ogre
    28 | D        | Killed a scorpion
    29 | D        | Reached skill level 4 in Maces & Flails
    29 | D        | Reached skill level 5 in Shields
    29 | D        | Reached XP level 3. HP: 17/31 MP: 3/3
    29 | D        | Reached XP level 4. HP: 21/38 MP: 4/4
    35 | D        | Reached skill level 5 in Fighting
    35 | D        | Reached skill level 5 in Maces & Flails
    35 | D        | Reached skill level 5 in Armour
    41 | D        | Killed an ogre
    42 | D        | Reached skill level 6 in Maces & Flails
    42 | D        | Reached XP level 5. HP: 28/46 MP: 5/5
    46 | D        | Reached skill level 7 in Maces & Flails
    46 | D        | Reached XP level 6. HP: 24/52 MP: 6/6
   111 | D        | Found a roughly hewn altar of Beogh.
   111 | D        | Found a snail-covered altar of Cheibriados.
   111 | D        | Found a shadowy altar of Dithmenos.
   111 | D        | Found a white marble altar of Elyvilon.
   111 | D        | Found a blossoming altar of Fedhas.
   111 | D        | Found an opulent altar of Gozag.
   112 | D        | Found a hazy altar of Hepliaklqana.
   113 | D        | Found a viscous altar of Jiyva.
   114 | D        | Found an ancient bone altar of Kikubaaqudgha.
   115 | D        | Became a worshipper of Cheibriados the Contemplative
   116 | D        | Found a corrupted altar of Lugonu.
   117 | D        | Found a burning altar of Makhleb.
   118 | D        | Found a sparkling altar of Nemelex Xobeh.
   119 | D        | Found an iron altar of Okawaru.
   120 | D        | Found a stormy altar of Qazlal.
   121 | D        | Found a sacrificial altar of Ru.
   122 | D        | Found a shimmering blue altar of Sif Muna.
   123 | D        | Found a bloodstained altar of Trog.
   124 | D        | Found a hide-covered altar of Uskayaw.
   125 | D        | Found a radiant altar of Vehumet.
   126 | D        | Found an ornate altar of the Wu Jian Council.
   127 | D        | Found a shimmering altar of Xom.
   128 | D        | Found a basalt altar of Yredelemnul.
   129 | D        | Found a glowing silver altar of Zin.
   130 | D        | Found a glowing golden altar of the Shining One.
   181 | D        | Noticed a yak
   181 | D        | Noticed a two-headed ogre
   181 | D        | Noticed a hornet
   181 | D        | Noticed an acid dragon
   187 | D        | Killed a yak
   188 | D        | Reached skill level 8 in Maces & Flails
   188 | D        | Reached XP level 7. HP: 52/60 MP: 6/9
   192 | D        | Killed a two-headed ogre
   193 | D        | Reached skill level 9 in Maces & Flails
   193 | D        | Reached skill level 5 in Dodging
   193 | D        | Reached skill level 5 in Invocations
   193 | D        | Reached XP level 8. HP: 52/68 MP: 6/11
   198 | D        | Killed a hornet
   198 | D        | Reached * piety under Cheibriados
   199 | D        | Reached skill level 10 in Maces & Flails
   204 | D        | Reached ** piety under Cheibriados
   205 | D        | Reached skill level 10 in Shields
   232 | D        | Noticed a cyan ugly thing
   232 | D        | Noticed a centaur warrior
   232 | D        | Noticed a tengu conjurer
   232 | D        | Noticed a six-headed hydra
   241 | D        | Killed a cyan ugly thing
   242 | D        | Reached skill level 11 in Maces & Flails
   242 | D        | Reached XP level 9. HP: 56/76 MP: 12/14
   251 | D        | Killed a six-headed hydra
   251 | D        | Reached *** piety under Cheibriados
   259 | D        | Killed a centaur warrior
   260 | D        | Reached skill level 10 in Fighting
   260 | D        | Reached skill level 12 in Maces & Flails
   260 | D        | Reached skill level 10 in Armour
   260 | D        | Reached XP level 10. HP: 47/85 MP: 14/16
   265 | D        | Reached **** piety under Cheibriados
   279 | D        | Killed from afar by a tengu conjurer

Illustrated notes

Levels and vault maps discovered:
D:        linesprint [early_d, line_temple, items_1, d_10, items_2, lair_1,
          lair_end, items_3, orc_1, orc_end, items_4, d_15, swamp_1, shoals_1,
          snake_1, spider_1, d_20, vaults_1, items_5, swamp_end, shoals_end,
          snake_end, spider_end, vaults_end, d_27, items_6, zot_1, zot_end,
          crypt_end, forest_end, elf_end, slime_end, tomb_end, abyss_end,
          pan_hell_end]

Skill      XL: |  1  2  3  4  5  6  7  8  9 |
---------------+----------------------------+-----
Dodging        | 1 2 3 4 5 6 7 |  7.7
Maces & Flails | 4 6 7 8 9 11 12 | 12.3
Fighting       | 4 5 6 7 8 9 10 | 10.2
Armour         | 4 5 6 7 8 9 10 | 10.2
Shields        | 5 7 8 9 10 11 | 11.8
Invocations    | 2 5 6 8 |  8.3

Action                     |  1- 3 |  4- 6 |  7- 9 | 10-12 || total
---------------------------+-------+-------+-------+-------++-------
  Melee: Flail             |    18 |    16 |       |       ||    34
         Dire flail        |       |     6 |    37 |    19 ||    62
 Invoke: Bend Time         |       |       |       |     1 ||     1
    Use: Potion            |       |     3 |     3 |       ||     6
   Stab: Invisible         |       |       |     3 |       ||     3
 Armour: Scale mail        |    11 |     5 |       |       ||    16
         Plate armour      |       |     4 |    41 |     7 ||    52
  Dodge: Dodged            |     8 |     6 |    26 |     6 ||    46
  Block: Buckler           |       |     1 |    18 |    10 ||    29

Table legend: (Time is in decaauts)
 A = Elapsed time spent in this place.
 B = Non-inter-level travel time spent in this place.
 C = Inter-level travel time spent in this place.
 D = Time resting spent in this place.
 E = Time spent auto-exploring this place.
 F = Levels seen in this place.
 G = Mean time per level.
                   A        B        C        D        E       F      G
               +--------+--------+--------+--------+--------+-----+--------+
         Total |    287 |    287 |      0 |     75 |      0 |   1 |  287.0 |
       Dungeon |    287 |    287 |      0 |     75 |      0 |   1 |  287.0 |
               +--------+--------+--------+--------+--------+-----+--------+

Top non-repeatable levels by time:
       D: 287 daAuts
